 Dungeon Sprint DCSS version 0.20-a0-809-gaf7f668 (webtiles) character file.

8800000 esc the Conqueror (level 27, -14/341 HPs)
             Began as a Demonspawn Warper on Mar 3, 2017.
             Was the Champion of Makhleb.
             Killed by the air
             ... invoked by a tyrant
              (30 damage)
             ... in the Dungeon (Sprint VIII: "Arena of Blood").
             The game lasted 00:02:38 (88 turns).

esc the Conqueror (Demonspawn Warper)                 Turns: 88, Time: 00:02:39

Health: -14/341    AC:  9    Str: 24    XL:     27
Magic:  41/54      EV: 31    Int: 14    God:    Makhleb [******]
Gold:   0          SH:  0    Dex: 14    Spells: 80/80 levels left

rFire    . . .     SeeInvis .   l - +∞ Axe of Woe
rCold    . . .     Gourm    .   b - +0 leather armour
rNeg     . . .     Faith    .   (shield currently unavailable)
rPois    .         Spirit   .   (no helmet)
rElec    .         Reflect  .   (no cloak)
rCorr    .         Harm     .   (gloves unavailable)
MR       ++...     NoTele   +   (no boots)
Stlth    +++++++++.             (no amulet)
Regen    0.7/turn               (no ring)
MPRegen  0.4/turn               (no ring)

@: no status effects
A: claws 3, rugged brown scales 3, demonic guardian 3, robust 3, spiny 3
a: Minor Destruction, Lesser Servant of Makhleb, Major Destruction, Greater
Servant of Makhleb, Renounce Religion


You were in the Dungeon.
You worshipped Makhleb.
Makhleb was exalted by your worship.
You were not hungry.

You visited 1 branch

Inventory:

Hand Weapons
 a - a +0 hand axe
 l - the +∞ Axe of Woe (weapon)
   (You found it in the Dungeon)
Missiles
 e - 5 tomahawks of dispersal {=f}
Armour
 b - a +0 leather armour (worn)
Scrolls
 d - 2 scrolls of blinking {!r}
Potions
 g - a potion of curing
 i - a potion of haste
 j - 2 potions of magic
 k - a potion of berserk rage {!q}
Books
 c - a book of Spatial Translocations
Comestibles
 f - a bread ration {@e1}


   Skills:
 O Level 27 Fighting
 O Level 27 Axes
 O Level 27 Throwing
 O Level 27 Armour
 O Level 27 Dodging
 O Level 27 Stealth
 O Level 27 Unarmed Combat
 O Level 27 Spellcasting
   Level 2.6 Translocations
 O Level 27 Invocations


You had 80 spell levels left.
You didn't know any spells.

Dungeon Overview and Level Annotations

Branches:
Dungeon (1/1)

Altars:
Makhleb


Innate Abilities, Weirdness & Mutations

You have claws for hands.
You are completely covered in rugged brown scales. (AC +3, +7% HP)
A powerful demonic guardian rushes to your aid.
You are extremely robust. (+30% HP)
You are completely covered in sharp spines.


Message History

Something smites you!
You hear a shout! x3
You take 12 damage, and have 147/341 hp.
You hear a shout! x12
The eight-headed meat hydra calls on the powers of darkness!
The eight-headed meat hydra convulses!
Your body is wracked with pain!
* * * LOW HITPOINT WARNING * * *
You hear a shout! x5
You take 72 damage, and have 75/341 hp.
MASSIVE DAMAGE!!
Unknown command.
You slice the destroyer!! You chop the destroyer into pieces.
You destroy the destroyer!
Makhleb accepts your kill.
You feel better.
You hear a shout! x6
You regained 77 hp, and now have 152/341 hp. 2 orcs come into view.
You hear a shout! x11
Your orange demon stings the eight-headed meat hydra!
The eight-headed meat hydra looks as sick as possible!
Your orange demon poisons the eight-headed meat hydra!
Your orange demon hits the eight-headed meat hydra.
The eight-headed meat hydra dies!
Makhleb accepts your kill.
The bag of meat moves out of view.
You hear a shout! x3 3 orcs come into view. 2 orcs and a vampire knight come into view.
The destroyer is wielding a +9 great sword of slicing.
The bag of meat shouts!
The destroyer shouts!
You hear a shout! x6
The destroyer blinks!
You hear a shout! x5
A meat berserker comes into view.
It is wielding a +9 battleaxe. 3 orcs, a wraith and 2 liches come into view.
You hear a shout! x3
The meat berserker rages.
The accursed casts a spell at you. Something smites you!
You hear a shout! x2
The destroyer is struck by your spines.
The destroyer hits you with a +9 great sword of slicing!!!
* * * LOW HITPOINT WARNING * * *
x2 The destroyer bites you!
* * * LOW HITPOINT WARNING * * *
The destroyer draws strength from your injuries!
The bag of meat moves out of view.
You hear a shout! x7
Your orange demon stings the accursed from afar.
You hear a shout! x2; The bag of meat shouts! x2
A bag of meat comes into view. It is wielding a +9 war axe.
Unknown command.
You take 102 damage, and have 51/341 hp.
MASSIVE DAMAGE!!
Unknown command.
Unknown command.
The bag of meat shouts! x6
You hit the destroyer but do no damage.
You fatally mangle the destroyer.
You destroy the destroyer!
Makhleb accepts your kill.
You hear a shout! x4
The tyrant casts a spell.
You hear a shout! x5
The tyrant waves its bony arms in wide circles.
The air twists around and strikes you!
* * * LOW HITPOINT WARNING * * *
Your orange demon stings the accursed but does no damage.
Your orange demon barely misses the accursed.
You take 35 damage, and have 16/341 hp.
You feel much better.
You hear a shout! x5
The tyrant casts a spell.
The tyrant seems to speed up.
You hear a shout! x6
The tyrant gestures wildly while chanting.
The tyrant seems to speed up.
You hear a shout!
Your orange demon closely misses the accursed.
An accursed comes into view.
You regained 28 hp, and now have 44/341 hp.
Unknown command.
A meat berserker comes into view. It is wielding a +9 battleaxe.
The meat berserker rages.
You hear a shout! x2
The bag of meat hits your lorocyproca with a +9 war axe!!
You hear a shout! x4
The bag of meat hits your lorocyproca with a +9 war axe!!
The accursed points at you and mumbles some strange words.
Something smites you!
* * * LOW HITPOINT WARNING * * *
The bag of meat hits your lorocyproca with a +9 war axe!!
Your lorocyproca dies!
The dread throws damnation at you.
The sphere of damnation explodes!
The damnation engulfs you!
* * * LOW HITPOINT WARNING * * *
You hear a shout!
The tyrant waves its bony arms in wide circles.
The air twists around and strikes you!
You die... #..X...o. #..M..X{. ...... #...LXWO ...#.... #oLXooo .#......# #oooO#

...........
#o.o.##.......#...
#.....#.....#.....
#@.....###.......)
#.....##....#.....
#.)..#........#)).
#....#.......)).).
#.)%........)))).#
#..M.......))))...
#.........))))....
#.........#o))....
#..4...))#)#.#.o..


You could see 2 accurseds, a tentacled monstrosity, 2 tyrants, 3 large
abominations, a dread, 2 meat berserkers and 10 bags of meat.

Vanquished Creatures
  A hell beast (D)
  6 vampire knights (D)
  18 ogres (D)
  A two-headed ogre (D)
  A lich (D)
  40 orcs (D)
  2 skeletal warriors (D)
  A large abomination (D)
70 creatures vanquished.

Vanquished Creatures (collateral kills)
  A hydra (D)
1 creature vanquished.

Vanquished Creatures (others)
  2 orcs (D)
2 creatures vanquished.

Grand Total: 73 creatures vanquished

Notes
Turn   | Place    | Note
-------+----------+-------------------------------------------
     0 | D        | esc the Demonspawn Warper began the quest for the Orb.
     0 | D        | Reached XP level 1. HP: 16/16 MP: 3/3
     3 | D        | Noticed a bag of meat
     3 | D        | Noticed a bag of meat
     4 | D        | Noticed a bag of meat
     4 | D        | Became a worshipper of Makhleb the Destroyer
     5 | D        | Noticed a bag of meat
     7 | D        | Noticed a meat berserker
     7 | D        | Noticed a meat berserker
     8 | D        | Noticed a bag of meat
     9 | D        | Noticed a meat berserker
    10 | D        | Killed a meat berserker
    10 | D        | Reached skill level 16 in Fighting
    10 | D        | Reached skill level 15 in Axes
    10 | D        | Reached skill level 15 in Armour
    10 | D        | Reached skill level 15 in Dodging
    10 | D        | Gained mutation: You are partially covered in rugged brown scales. (AC +1, +3% HP) [demonic ancestry]
    10 | D        | Reached XP level 2. HP: 39/47 MP: 5/5
    10 | D        | Reached XP level 3. HP: 44/53 MP: 6/6
    10 | D        | Gained mutation: You have sharp fingernails. [demonic ancestry]
    10 | D        | Reached XP level 4. HP: 49/60 MP: 7/7
    10 | D        | Gained mutation: A weak demonic guardian rushes to your aid. [demonic ancestry]
    10 | D        | Reached XP level 5. HP: 55/67 MP: 8/8
    10 | D        | Gained mutation: You are mostly covered in rugged brown scales. (AC +2, +5% HP) [demonic ancestry]
    10 | D        | Reached XP level 6. HP: 55/76 MP: 9/9
    10 | D        | Reached XP level 7. HP: 60/82 MP: 10/10
    10 | D        | Gained mutation: You are partially covered in sharp spines. [demonic ancestry]
    10 | D        | Reached XP level 8. HP: 65/90 MP: 11/11
    10 | D        | Gained mutation: You have very sharp fingernails. [demonic ancestry]
    10 | D        | Reached XP level 9. HP: 70/96 MP: 12/12
    10 | D        | Gained mutation: You have claws for hands. [demonic ancestry]
    10 | D        | Reached XP level 10. HP: 76/105 MP: 13/13
    10 | D        | Gained mutation: You are completely covered in rugged brown scales. (AC +3, +7% HP) [demonic ancestry]
    10 | D        | Reached XP level 11. HP: 76/113 MP: 14/14
    10 | D        | Reached XP level 12. HP: 81/120 MP: 15/15
    10 | D        | Reached XP level 13. HP: 86/127 MP: 16/16
    11 | D        | Killed a bag of meat
    11 | D        | Reached * piety under Makhleb
    11 | D        | Reached skill level 18 in Fighting
    11 | D        | Reached skill level 16 in Axes
    11 | D        | Reached skill level 16 in Armour
    11 | D        | Reached skill level 16 in Dodging
    11 | D        | Killed a bag of meat
    11 | D        | Reached skill level 19 in Fighting
    11 | D        | Reached skill level 18 in Axes
    11 | D        | Reached skill level 17 in Armour
    11 | D        | Reached skill level 18 in Dodging
    11 | D        | Gained mutation: You are mostly covered in sharp spines. [demonic ancestry]
    11 | D        | Reached XP level 14. HP: 61/142 MP: 17/17
    11 | D        | Killed a bag of meat
    11 | D        | Reached skill level 20 in Fighting
    11 | D        | Reached skill level 18 in Armour
    11 | D        | Killed a meat berserker
    11 | D        | Reached ** piety under Makhleb
    11 | D        | Reached skill level 22 in Fighting
    11 | D        | Reached skill level 20 in Axes
    11 | D        | Reached skill level 20 in Armour
    11 | D        | Reached skill level 20 in Dodging
    11 | D        | Reached XP level 15. HP: 156/156 MP: 18/18
    12 | D        | Killed a meat berserker
    12 | D        | Reached skill level 23 in Fighting
    12 | D        | Reached skill level 22 in Axes
    12 | D        | Reached skill level 21 in Armour
    12 | D        | Reached skill level 22 in Dodging
    12 | D        | Gained mutation: You are robust. (+10% HP) [demonic ancestry]
    12 | D        | Reached XP level 16. HP: 160/183 MP: 19/19
    12 | D        | Reached skill level 24 in Fighting
    12 | D        | Reached skill level 22 in Armour
    12 | D        | Reached *** piety under Makhleb
    12 | D        | Reached skill level 23 in Axes
    12 | D        | Reached skill level 23 in Armour
    12 | D        | Reached skill level 23 in Dodging
    13 | D        | Noticed a meat berserker
    13 | D        | Noticed a meat berserker
    15 | D        | Noticed a meat berserker
    15 | D        | Killed a meat berserker
    15 | D        | Reached skill level 26 in Fighting
    15 | D        | Reached skill level 24 in Axes
    15 | D        | Reached skill level 24 in Armour
    15 | D        | Reached skill level 24 in Dodging
    15 | D        | Reached XP level 17. HP: 200/200 MP: 20/20
    16 | D        | Noticed a meat berserker
    17 | D        | Noticed a meat berserker
    17 | D        | Noticed a meat berserker
    18 | D        | Noticed a meat berserker
    18 | D        | Killed a meat berserker
    18 | D        | Reached skill level 27 in Fighting
    18 | D        | Reached skill level 25 in Axes
    18 | D        | Reached skill level 25 in Armour
    18 | D        | Reached skill level 25 in Dodging
    18 | D        | Reached **** piety under Makhleb
    18 | D        | Reached skill level 26 in Axes
    18 | D        | Reached skill level 26 in Armour
    18 | D        | Reached skill level 26 in Dodging
    18 | D        | Gained mutation: You are completely covered in sharp spines. [demonic ancestry]
    18 | D        | Reached XP level 18. HP: 212/212 MP: 21/21
    19 | D        | Noticed a meat berserker
    20 | D        | Noticed a meat berserker
    20 | D        | Noticed a meat berserker
    20 | D        | Noticed a destroyer
    21 | D        | Noticed a meat berserker
    21 | D        | Killed a meat berserker
    21 | D        | Reached skill level 27 in Axes
    21 | D        | Reached skill level 27 in Armour
    21 | D        | Reached skill level 27 in Dodging
    21 | D        | Reached skill level 6 in Throwing
    21 | D        | Reached skill level 6 in Stealth
    21 | D        | Reached skill level 6 in Unarmed Combat
    21 | D        | Reached skill level 6 in Spellcasting
    21 | D        | Reached skill level 8 in Invocations
    21 | D        | Reached skill level 8 in Throwing
    21 | D        | Reached skill level 9 in Stealth
    21 | D        | Reached skill level 8 in Unarmed Combat
    21 | D        | Reached skill level 9 in Spellcasting
    21 | D        | Reached skill level 12 in Invocations
    21 | D        | Killed a meat berserker
    21 | D        | Reached ***** piety under Makhleb
    21 | D        | Reached skill level 12 in Throwing
    21 | D        | Reached skill level 13 in Stealth
    21 | D        | Reached skill level 12 in Unarmed Combat
    21 | D        | Reached skill level 12 in Spellcasting
    21 | D        | Reached skill level 16 in Invocations
    21 | D        | Reached XP level 19. HP: 221/221 MP: 21/35
    21 | D        | Killed a meat berserker
    21 | D        | Reached skill level 14 in Throwing
    21 | D        | Reached skill level 15 in Stealth
    21 | D        | Reached skill level 14 in Unarmed Combat
    21 | D        | Reached skill level 14 in Spellcasting
    21 | D        | Reached skill level 19 in Invocations
    23 | D        | Killed a meat berserker
    23 | D        | Reached skill level 16 in Throwing
    23 | D        | Reached skill level 17 in Stealth
    23 | D        | Reached skill level 16 in Unarmed Combat
    23 | D        | Reached skill level 16 in Spellcasting
    23 | D        | Reached skill level 21 in Invocations
    23 | D        | Gained mutation: A demonic guardian rushes to your aid. [demonic ancestry]
    23 | D        | Reached XP level 20. HP: 101/230 MP: 21/40
    23 | D        | Killed a meat berserker
    23 | D        | Reached skill level 18 in Throwing
    23 | D        | Reached skill level 19 in Stealth
    23 | D        | Reached skill level 18 in Unarmed Combat
    23 | D        | Reached skill level 18 in Spellcasting
    23 | D        | Reached skill level 23 in Invocations
    23 | D        | Killed a meat berserker
    23 | D        | Reached skill level 19 in Throwing
    23 | D        | Reached skill level 20 in Stealth
    23 | D        | Reached skill level 19 in Unarmed Combat
    23 | D        | Reached skill level 19 in Spellcasting
    23 | D        | Reached skill level 25 in Invocations
    24 | D        | Reached skill level 20 in Throwing
    24 | D        | Reached skill level 21 in Stealth
    24 | D        | Reached skill level 20 in Unarmed Combat
    24 | D        | Reached skill level 20 in Spellcasting
    24 | D        | Reached skill level 26 in Invocations
    24 | D        | Killed a destroyer
    24 | D        | Reached skill level 22 in Throwing
    24 | D        | Reached skill level 23 in Stealth
    24 | D        | Reached skill level 21 in Unarmed Combat
    24 | D        | Reached skill level 21 in Spellcasting
    24 | D        | Reached skill level 27 in Invocations
    24 | D        | Reached XP level 21. HP: 223/238 MP: 21/46
    24 | D        | Reached ****** piety under Makhleb
    24 | D        | Reached skill level 23 in Throwing
    24 | D        | Reached skill level 24 in Stealth
    24 | D        | Reached skill level 23 in Unarmed Combat
    24 | D        | Reached skill level 23 in Spellcasting
    26 | D        | Reached skill level 25 in Stealth
    26 | D        | Reached skill level 25 in Throwing
    26 | D        | Reached skill level 26 in Stealth
    26 | D        | Reached skill level 24 in Unarmed Combat
    26 | D        | Reached skill level 24 in Spellcasting
    26 | D        | Reached XP level 22. HP: 242/248 MP: 22/50
    26 | D        | Reached skill level 27 in Stealth
    26 | D        | Reached skill level 25 in Unarmed Combat
    26 | D        | Reached skill level 25 in Spellcasting
    26 | D        | Reached skill level 26 in Throwing
    26 | D        | Reached skill level 26 in Unarmed Combat
    26 | D        | Reached skill level 26 in Spellcasting
    26 | D        | Reached skill level 27 in Throwing
    26 | D        | Reached skill level 27 in Unarmed Combat
    26 | D        | Reached skill level 27 in Spellcasting
    28 | D        | Gained mutation: You are very robust. (+20% HP) [demonic ancestry]
    28 | D        | Reached XP level 23. HP: 227/278 MP: 22/54
    29 | D        | Noticed a destroyer
    30 | D        | Killed a destroyer
    30 | D        | Gained mutation: You are extremely robust. (+30% HP) [demonic ancestry]
    30 | D        | Reached XP level 24. HP: 275/310 MP: 23/54
    32 | D        | Reached XP level 25. HP: 320/320 MP: 23/54
    33 | D        | Noticed a large bag of meat
    34 | D        | Noticed a large bag of meat
    36 | D        | HP: 79/320 [bag of meat/+9 war axe (22)]
    38 | D        | HP: 29/320 [??? (27)]
    41 | D        | Killed a large bag of meat
    43 | D        | Noticed a destroyer
    45 | D        | Noticed a destroyer
    45 | D        | HP: 61/320 [??? (58)]
    46 | D        | Noticed a destroyer
    46 | D        | Noticed a tyrant
    46 | D        | HP: 4/320 [tyrant/the air (44)]
    72 | D        | Killed a destroyer
    74 | D        | Killed a destroyer
    74 | D        | Reached XP level 26. HP: 331/331 MP: 36/54
    76 | D        | Noticed a destroyer
    76 | D        | Noticed an accursed
    77 | D        | Noticed a meat beast
    77 | D        | Killed a tyrant
    79 | D        | Killed a meat beast
    79 | D        | Gained mutation: A powerful demonic guardian rushes to your aid. [demonic ancestry]
    79 | D        | Reached XP level 27. HP: 341/341 MP: 37/54
    81 | D        | HP: 75/341 [??? (72)]
    82 | D        | Killed a destroyer
    84 | D        | Noticed a destroyer
    85 | D        | Noticed a tyrant
    85 | D        | Noticed a tyrant
    85 | D        | Noticed a dread
    86 | D        | Killed a destroyer
    86 | D        | HP: 16/341 [tyrant/the air (35)]
    88 | D        | Noticed an accursed
    88 | D        | Killed from afar by a tyrant

Vault maps used:
D:        meatsprint

Skill      XL: |  1  2  3  4  5  6  7  8  9 10 11 12 13 14 15 16 17 18 19 20 21 22 |
---------------+-------------------------------------------------------------------+-----
Fighting       | 16 19 22 23 26 27 | 27.0
Axes           | 15 18 20 22 24 26 27 | 27.0
Armour         | 15 17 20 21 24 26 27 | 27.0
Dodging        | 15 18 20 22 24 26 27 | 27.0
Throwing       | 12 16 22 25 27 | 27.0
Stealth        | 13 17 23 26 27 | 27.0
Unarmed Combat | 12 16 21 24 27 | 27.0
Spellcasting   | 12 16 21 24 27 | 27.0
Invocations    | 16 21 27 | 27.0
Translocations | |  2.6

Action                   |  1- 3 |  4- 6 |  7- 9 | 10-12 | 13-15 | 16-18 | 19-21 | 22-24 | 25-27 || total
-------------------------+-------+-------+-------+-------+-------+-------+-------+-------+-------++-------
Melee: Executioner's axe |     1 |       |       |       |     2 |     3 |     3 |     3 |    21 ||    33
  Use: Potion            |       |       |       |       |       |       |       |       |     1 ||     1
Armor: Leather armour    |       |       |       |       |       |       |       |       |     1 ||     1
Dodge: Dodged            |       |       |       |       |       |     1 |     1 |     1 |     5 ||     8

Vault maps used:
D:        meatsprint

Table legend:
 A = Turns spent in this place as a percentage of turns spent in the entire game.
 B = Non-inter-level travel turns spent in this place as a percentage of non-inter-level travel turns spent in the entire game.
 C = Inter-level travel turns spent in this place as a percentage of turns spent in this place.
 D = Turns resting spent in this place as a percentage of non-inter-level travel turns spent in this place.
 E = Turns spent auto-exploring this place as a percentage of non-inter-level travel turns spent in this place.
 F = Non-inter-level travel turns spent in this place divided by the number of levels of this place that you've seen.
                   A       B       C       D       E      F
               +-------+-------+-------+-------+-------+----------------------
         Total | 100.0 | 100.0 |   0.0 |   5.4 |   0.0 | 111.0
       Dungeon | 100.0 | 100.0 |   0.0 |   5.4 |   0.0 | 111.0
               +-------+-------+-------+-------+-------+----------------------

Table legend:
 A = Kills in this place as a percentage of kills in entire the game.
 B = Kills by you in this place as a percentage of kills by you in the entire game.
 C = Kills by friends in this place as a percentage of kills by friends in the entire game.
 D = Other kills in this place as a percentage of other kills in the entire game.
 E = Experience gained in this place as a percentage of experience gained in the entire game.
 F = Experience gained in this place divided by the number of levels of this place that you have seen.
                   A       B       C       D       E      F
               +-------+-------+-------+-------+-------+----------------------
         Total | 100.0 | 100.0 | 100.0 |  -nan | 100.0 | 1647562.0
       Dungeon | 100.0 | 100.0 | 100.0 |  -nan | 100.0 | 1647562.0
               +-------+-------+-------+-------+-------+----------------------
